[Event "Titled Tuesday Blitz July 18 Early 2023"]
[White "Harriott, Tyrell"]
[Black "Bodnaruk, Anastasia"]
[WhiteFideId "2086484"]
[BlackFideId "4181751"]
[WhiteElo "2420"]
[BlackElo "2577"]
[Result "0-1"]
[Round "7"]
[TimeControl "180+2"]
[Date "2023.07.18"]
[WhiteClock "0:00:08"]
[BlackClock "0:00:13"]
[Board "99"]

1. d4 Nf6 2. e3 g6 3. Bd3 Bg7 4. f4 d5 5. Nf3 c5 6. c3 b6 7. O-O O-O 8. Nbd2 Nc6 9. Qe1 Bb7 10. f5 Qd6 11. fxg6 fxg6 12. Qh4 e5 13. e4 cxd4 14. exd5 Nxd5 15. Ne4 Qd7 16. Bh6 Nf4 17. Bc4+ Kh8 18. Nfg5 Bxh6 19. Qxh6 Na5 20. Bb5 Bc6 21. Bxc6 Nxc6 22. g3 Ne2+ 23. Kg2 Rf5 24. Rae1 d3 25. Nf6 Qg7 26. Qxg7+ Kxg7 27. Nfxh7 Re8 28. g4 Rxf1 29. Kxf1 Nf4 30. Re3 d2 31. Re1 dxe1=Q+ 32. Kxe1 e4 33. Kf2 e3+ 34. Ke1 e2 35. h4 Nd3+ 36. Kd2 e1=Q+ 37. Kxd3 Qe2# 0-1


[Site "https://www.chess.com"]

[Event "Titled Tuesday Blitz July 18 Early 2023"]
[White "Zavgorodniy, Sergiy"]
[Black "Melikhov, Evgeny V."]
[WhiteFideId "14110148"]
[BlackFideId "4122046"]
[WhiteElo "2575"]
[BlackElo "2416"]
[Result "1-0"]
[Round "7"]
[TimeControl "180+2"]
[Date "2023.07.18"]
[WhiteClock "0:00:13"]
[BlackClock "0:00:02"]
[Board "100"]

1. e4 e5 2. Nf3 Nc6 3. Bb5 a6 4. Bxc6 dxc6 5. O-O f6 6. d4 exd4 7. Nxd4 c5 8. Nb3 Qxd1 9. Rxd1 Bd7 10. Bf4 O-O-O 11. Nc3 Be6 12. Rxd8+ Kxd8 13. Rd1+ Kc8 14. Nd5 Bxd5 15. Rxd5 b6 16. Rd1 Ne7 17. Nc1 Nc6 18. c3 Be7 19. Kf1 Rd8 20. Rxd8+ Bxd8 21. Ke2 Kd7 22. g4 Be7 23. h4 g6 24. g5 fxg5 25. hxg5 c4 26. Be3 Ne5 27. f4 Nf7 28. Kf3 h5 29. gxh6 Nxh6 30. Ne2 Nf7 31. Ng3 b5 32. Nf1 g5 33. Ng3 gxf4 34. Bxf4 Bf6 35. Kg4 b4 36. Ne2 Kc8 37. Kf5 Bg7 38. Kg6 Ne5+ 39. Kxg7 Nd3 40. Bc1 c5 41. Kf6 a5 42. e5 Kd7 43. e6+ Ke8 44. e7 a4 45. a3 bxa3 46. bxa3 Nf2 47. Ng3 Ng4+ 48. Ke6 Ne3 49. Ne4 Nf5 50. Nf6# 1-0


[Site "https://www.chess.com"]

[Event "Titled Tuesday Blitz July 18 Early 2023"]
[White "Gontcharov, Vladislav"]
[Black "Rom, Jasper"]
[WhiteFideId "4123492"]
[BlackFideId "2023733"]
[WhiteElo "2571"]
[BlackElo "2415"]
[Result "1/2-1/2"]
[Round "7"]
[TimeControl "180+2"]
[Date "2023.07.18"]
[WhiteClock "0:00:20"]
[BlackClock "0:00:08"]
[Board "101"]

1. d4 d5 2. c4 e6 3. Nc3 c6 4. e4 dxe4 5. Nxe4 Bb4+ 6. Nc3 Nf6 7. Nf3 c5 8. a3 Ba5 9. dxc5 Qxd1+ 10. Kxd1 Bxc3 11. bxc3 Ne4 12. Be3 Na6 13. c6 bxc6 14. Kc2 f6 15. Nd2 Nxd2 16. Kxd2 e5 17. Bd3 Be6 18. Kc2 O-O 19. Rab1 Rf7 20. f3 Rd8 21. g4 Rfd7 22. Rhd1 g6 23. Be2 Kf7 24. Rxd7+ Rxd7 25. Rd1 Rxd1 26. Kxd1 c5 27. Kc2 Ke7 28. Kb3 Kd6 29. Ka4 Bd7+ 30. Ka5 Nc7 31. Bf2 Bc6 32. Bg3 g5 33. h4 h6 34. hxg5 hxg5 35. Bf2 Bb7 36. Be3 Bc6 37. Bd1 Bb7 38. Be2 Bc6 39. Bd2 Bb7 40. Be3 1/2-1/2


[Site "https://www.chess.com"]

[Event "Titled Tuesday Blitz July 18 Early 2023"]
[White "luksona14"]
[Black "Palencia Morales, Wilson Guillermo"]
[BlackFideId "4401859"]
[WhiteElo "2415"]
[BlackElo "2560"]
[Result "1-0"]
[Round "7"]
[TimeControl "180+2"]
[Date "2023.07.18"]
[WhiteClock "0:01:23"]
[BlackClock "0:00:00"]
[Board "102"]

1. e4 c5 2. Nc3 Nc6 3. Bb5 e5 4. Bc4 Nf6 5. Nge2 Be7 6. O-O O-O 7. d3 d6 8. f4 Bg4 9. f5 Nd4 10. h3 Bxe2 11. Nxe2 d5 12. exd5 Nxd5 13. Nxd4 cxd4 14. Qe2 Bf6 15. Qe4 Nb4 16. Bb3 a5 17. Bd2 Bg5 18. Bxb4 axb4 19. g3 Be3+ 20. Kg2 Ra6 21. Rh1 Rh6 22. Raf1 b6 23. Qxe5 Re8 24. Qd5 Qc7 25. Re1 Rd6 26. Qf3 Kh8 27. h4 Rf6 28. g4 Re5 29. Qa8+ 1-0


[Site "https://www.chess.com"]

[Event "Titled Tuesday Blitz July 18 Early 2023"]
[White "Manukian, Artak"]
[Black "Chor, Kevin"]
[WhiteFideId "13301373"]
[BlackFideId "2090740"]
[WhiteElo "2414"]
[BlackElo "2559"]
[Result "1-0"]
[Round "7"]
[TimeControl "180+2"]
[Date "2023.07.18"]
[WhiteClock "0:00:30"]
[BlackClock "0:00:03"]
[Board "103"]

1. e4 c5 2. Nf3 Nc6 3. c3 Nf6 4. e5 Nd5 5. d4 cxd4 6. cxd4 d6 7. Nc3 Nxc3 8. bxc3 dxe5 9. d5 e4 10. Ng5 Ne5 11. Nxe4 Bf5 12. Qd4 Qc7 13. Bf4 f6 14. Bb5+ Kf7 15. O-O Nf3+ 16. gxf3 Qxf4 17. d6 Qxf3 18. Bc4+ e6 19. Rfe1 Bh3 20. Bf1 Qg4+ 21. Kh1 Qf3+ 22. Kg1 Qg4+ 23. Kh1 Bxf1 24. Rxf1 f5 25. f3 Qf4 26. Qc5 h6 27. Qc7+ Kg6 28. Rg1+ Kh5 29. Qf7+ Kh4 30. Rg3 e5 31. Kg2 g5 32. Rh3# 1-0


[Site "https://www.chess.com"]

[Event "Titled Tuesday Blitz July 18 Early 2023"]
[White "Zhang, Eric"]
[Black "Bazilius, Augustinas"]
[WhiteFideId "30907667"]
[BlackFideId "12832251"]
[WhiteElo "2558"]
[BlackElo "2412"]
[Result "1/2-1/2"]
[Round "7"]
[TimeControl "180+2"]
[Date "2023.07.18"]
[WhiteClock "0:00:09"]
[BlackClock "0:00:05"]
[Board "104"]

1. d4 Nf6 2. c4 c5 3. d5 b5 4. cxb5 a6 5. b6 e6 6. Nc3 exd5 7. Nxd5 Nxd5 8. Qxd5 Nc6 9. e4 Be7 10. Nf3 Qxb6 11. Bc4 O-O 12. O-O d6 13. Qd1 Be6 14. Bd5 Bxd5 15. exd5 Ne5 16. Re1 Nxf3+ 17. Qxf3 Rfe8 18. Qg3 Bh4 19. Qc3 Qb7 20. Bf4 Qxd5 21. Rad1 Rxe1+ 22. Qxe1 Qxa2 23. Qe4 d5 24. Qxd5 Qxd5 25. Rxd5 Rd8 26. Rxd8+ Bxd8 27. b3 Kf8 28. Kf1 Ke7 29. Ke2 Ke6 30. Kd3 Kd5 31. f3 Bf6 32. Bd2 Be5 33. h4 h5 34. g4 g6 35. gxh5 gxh5 36. Be3 Bg3 37. Bg5 Ke5 38. Be3 Bxh4 39. Bxc5 Kf4 40. Ke2 Bf6 41. Kf2 Ke5 42. Be3 Bh4+ 43. Kg2 Kd5 44. Bd2 Kd4 45. Kh3 Kd3 46. Kxh4 Kxd2 47. Kxh5 Ke3 48. Kg4 f6 49. Kf5 Kxf3 50. Kxf6 Ke3 51. Ke5 Kd3 52. Kd5 Kc3 53. Kc5 Kxb3 54. Kb6 a5 55. Kxa5 1/2-1/2


[Site "https://www.chess.com"]

[Event "Titled Tuesday Blitz July 18 Early 2023"]
[White "Rian, Kapriaga"]
[Black "Ganiev, Roman"]
[WhiteFideId "7103263"]
[BlackFideId "4131452"]
[WhiteElo "2399"]
[BlackElo "2557"]
[Result "1-0"]
[Round "7"]
[TimeControl "180+2"]
[Date "2023.07.18"]
[WhiteClock "0:00:33"]
[BlackClock "0:00:03"]
[Board "105"]

1. d4 Nf6 2. Nf3 e6 3. e3 b6 4. Bd3 Bb7 5. O-O Be7 6. Nbd2 d5 7. b3 Nbd7 8. Bb2 c5 9. Ne5 Nxe5 10. dxe5 Nd7 11. f4 g6 12. Qg4 Qc7 13. a4 a6 14. Qe2 h5 15. h3 h4 16. c4 dxc4 17. Nxc4 O-O 18. e4 b5 19. axb5 axb5 20. Ne3 Rxa1 21. Bxa1 Rd8 22. Ng4 c4 23. bxc4 Nc5 24. Bc2 b4 25. f5 b3 26. Bb1 Bg5 27. fxg6 fxg6 28. Nf6+ Kg7 29. Qg4 Bh6 30. Qxh4 Rf8 31. Qg4 Rf7 32. Bc3 b2 33. Kh1 Qe7 34. Bxb2 Be3 35. Bc3 Na4 36. Be1 Bd4 37. Bh4 Kh8 38. Qxg6 Rg7 39. Qh6+ Rh7 40. Nxh7 Qxh7 41. Rf8# 1-0


[Site "https://www.chess.com"]

[Event "Titled Tuesday Blitz July 18 Early 2023"]
[White "Makkar, Rajat"]
[Black "ArturoCaceres"]
[WhiteFideId "36016810"]
[WhiteElo "2554"]
[BlackElo "2398"]
[Result "0-1"]
[Round "7"]
[TimeControl "180+2"]
[Date "2023.07.18"]
[WhiteClock "0:00:03"]
[BlackClock "0:00:13"]
[Board "106"]

1. d4 e6 2. c4 Nf6 3. Nf3 Ke7 4. g3 Ke8 5. Bg2 Be7 6. O-O d5 7. Nc3 c6 8. Nd2 h6 9. e4 dxe4 10. Ndxe4 Nbd7 11. Bf4 Nxe4 12. Nxe4 Nf6 13. Re1 Kf8 14. Qc2 Bd7 15. Rad1 Qa5 16. Nxf6 Bxf6 17. d5 Rd8 18. b3 Qc3 19. Qe2 Qb2 20. Rd2 Qc3 21. Bh3 g5 22. Bc7 Re8 23. Rd3 Qb2 24. Qf3 exd5 25. Rxe8+ Bxe8 26. cxd5 cxd5 27. Qxd5 Bc6 28. Qf5 Qa1+ 29. Bf1 Kg7 30. h4 Re8 31. Ba5 Be4 32. Qd7 Bxd3 33. Qxd3 b6 34. Bd2 Qd4 35. Qb5 Re5 36. Qb4 Qxb4 37. Bxb4 gxh4 38. gxh4 Re4 39. Bd2 Rxh4 40. Be2 Rd4 41. Be3 Re4 42. Kg2 Re7 43. Kf3 Bg5 44. Bxg5 hxg5 45. Bd3 Kf6 46. Kg4 Rd7 47. Bc4 Rd4+ 48. Kg3 Kg6 0-1


[Site "https://www.chess.com"]

[Event "Titled Tuesday Blitz July 18 Early 2023"]
[White "Gavrilov, Maxim"]
[Black "Alahakoon, Isuru"]
[WhiteFideId "24271454"]
[BlackFideId "9900993"]
[WhiteElo "2552"]
[BlackElo "2371"]
[Result "1-0"]
[Round "7"]
[TimeControl "180+2"]
[Date "2023.07.18"]
[WhiteClock "0:00:31"]
[BlackClock "0:00:16"]
[Board "107"]

1. d4 d5 2. c4 e6 3. Nc3 Nf6 4. cxd5 exd5 5. Bg5 c6 6. e3 Bd6 7. Bd3 O-O 8. Qc2 h6 9. Bh4 Re8 10. Nf3 a5 11. h3 Na6 12. a3 g5 13. Bg3 Bxg3 14. fxg3 Rxe3+ 15. Kf2 Re7 16. Raf1 Qb6 17. Kg1 Kg7 18. Rh2 g4 19. hxg4 Nxg4 20. Rh4 Ne3 21. Qd2 Bf5 22. Ne5 Rxe5 23. Bxf5 Rh8 24. Rf2 Rxf5 25. Qxe3 Rxf2 26. Rg4+ Kf8 27. Qxf2 Nc7 28. Qf6 Rh7 29. Qd6+ Ke8 30. Rg8# 1-0


[Site "https://www.chess.com"]

[Event "Titled Tuesday Blitz July 18 Early 2023"]
[White "Portela Peleteiro, Alberto"]
[Black "Sovetbekova, Nurai"]
[WhiteFideId "22276106"]
[BlackFideId "13801910"]
[WhiteElo "2551"]
[BlackElo "2370"]
[Result "1-0"]
[Round "7"]
[TimeControl "180+2"]
[Date "2023.07.18"]
[WhiteClock "0:00:09"]
[BlackClock "0:00:04"]
[Board "108"]

1. e4 c5 2. Nc3 Nc6 3. Nge2 g6 4. d4 cxd4 5. Nxd4 Bg7 6. Nde2 e6 7. Nb5 Qa5+ 8. Nec3 Nf6 9. Nd6+ Ke7 10. Bf4 Nxe4 11. Nxe4 d5 12. Bg5+ f6 13. Nxf6 Bxf6 14. Bxf6+ Kxf6 15. Qd2 Kg7 16. Be2 Rf8 17. O-O Qb6 18. a3 Bd7 19. b4 Rae8 20. Na4 Qd4 21. Rad1 Qf6 22. Nc5 Bc8 23. f4 b6 24. Nb3 Bb7 25. Kh1 Ne7 26. c4 dxc4 27. Bxc4 Nf5 28. Nd4 Nxd4 29. Qxd4 Re7 30. Kg1 Qxd4+ 31. Rxd4 Rc8 32. Bxe6 Rxe6 33. Rd7+ Kf6 34. Rxb7 Rc2 35. Rxa7 Ree2 36. Rxh7 Rxg2+ 37. Kh1 Kf5 38. Rh3 Ra2 39. a4 Rgb2 40. a5 bxa5 41. bxa5 Rxa5 42. Rg3 Raa2 43. h3 Rh2+ 44. Kg1 Rhc2 45. Rg5+ Kf6 46. Rb1 Rh2 47. Rb6+ Kf7 48. Rbxg6 Rxh3 49. Rb6 Rc3 50. Rb1 Rcc2 51. Rf1 Kf6 52. Rd1 Re2 53. Rc1 Rf2 54. Rc6+ Kf7 55. Ra6 Rxf4 56. Rxa2 Kf6 57. Rgg2 Kf5 58. Raf2 Ke4 59. Rxf4+ Kxf4 60. Kf2 1-0


[Site "https://www.chess.com"]

[Event "Titled Tuesday Blitz July 18 Early 2023"]
[White "Tikhonov, Viacheslav"]
[Black "Gutkin, Ilya"]
[WhiteFideId "44196407"]
[BlackFideId "16203470"]
[WhiteElo "2532"]
[BlackElo "2361"]
[Result "1-0"]
[Round "7"]
[TimeControl "180+2"]
[Date "2023.07.18"]
[WhiteClock "0:00:49"]
[BlackClock "0:00:00"]
[Board "109"]

1. e4 e5 2. Nf3 Nc6 3. Bc4 Nf6 4. d3 Bc5 5. c3 d5 6. exd5 Nxd5 7. O-O O-O 8. Bg5 f6 9. Bh4 Be6 10. d4 exd4 11. cxd4 Bb6 12. Re1 Bf7 13. Bg3 Qd7 14. Nc3 Rfe8 15. Qd2 Na5 16. Bd3 Nxc3 17. bxc3 Bd5 18. Qf4 Rxe1+ 19. Rxe1 Re8 20. Rxe8+ Qxe8 21. Qh4 h6 22. Qg4 Bxa2 23. Qf5 Bf7 24. Qh7+ Kf8 25. Qh8+ Bg8 26. Bh7 Kf7 27. Bb1 Qe6 28. h4 Kf8 29. Bf4 Nc4 30. Ba2 Ba5 31. h5 b5 32. Nh4 Ke7 33. Ng6+ Kd7 34. Qxg7+ 1-0


[Site "https://www.chess.com"]

[Event "Titled Tuesday Blitz July 18 Early 2023"]
[White "Okike, David"]
[Black "Girya, Olga"]
[WhiteFideId "8500134"]
[BlackFideId "4195752"]
[WhiteElo "2341"]
[BlackElo "2530"]
[Result "1-0"]
[Round "7"]
[TimeControl "180+2"]
[Date "2023.07.18"]
[WhiteClock "0:00:05"]
[BlackClock "0:00:00"]
[Board "110"]

1. e4 e5 2. Nf3 Nc6 3. Bc4 Bc5 4. c3 Nf6 5. d3 d6 6. Bg5 h6 7. Bh4 a5 8. Bb5 Bd7 9. Nbd2 g5 10. Bg3 Nh5 11. a3 Qf6 12. b4 Bb6 13. Nc4 Ba7 14. O-O Nxg3 15. hxg3 h5 16. Bxc6 bxc6 17. d4 g4 18. dxe5 Qe6 19. Nfd2 dxe5 20. Ne3 h4 21. Qe2 hxg3 22. fxg3 Qh6 23. Kf2 O-O-O 24. Nc4 Be6 25. Ke1 Bxc4 26. Nxc4 Qe6 27. Nxa5 c5 28. Qb5 Qb6 29. Qxb6 Bxb6 30. Nc4 cxb4 31. axb4 Kb7 32. Nxb6 Kxb6 33. Rd1 Rxd1+ 34. Kxd1 Rd8+ 35. Ke2 Rd7 36. Rf5 Re7 37. Kd3 c5 38. Kc4 cxb4 39. cxb4 Rc7+ 40. Kd5 Kb5 41. Kxe5 Kxb4 42. Kf4 Kc3 43. Rd5 Re7 44. Rd1 Kc2 45. Rd5 Kc3 46. Re5 Rd7 47. Kxg4 Kd4 48. Kf4 Rd6 49. Rf5 Rd7 50. g4 Re7 51. Rd5+ Kc4 52. g5 Re6 53. g4 Re7 54. Kf5 Kc3 55. Rd8 Kc4 56. e5 Kc5 57. Kf6 Rb7 58. Rf8 Kd5 59. Rxf7 Rb6+ 60. Kf5 Rb1 61. Rd7+ Kc6 62. Rd6+ Kc7 63. g6 Rf1+ 64. Kg5 Re1 65. Kf6 Rf1+ 66. Ke6 Rg1 67. Rd7+ Kc6 68. Rd8 Rxg4 69. Kf6 Kc7 70. Ra8 Rf4+ 71. Ke6 Rg4 72. Kf7 Rf4+ 73. Kg7 Kd7 74. Kg8 Ke7 75. g7 Rh4 76. Ra7+ Ke8 77. e6 Rh1 78. Rf7 Rh2 79. Rf6 Ke7 80. Rf7+ Ke8 81. Ra7 Rh1 82. e7 Rh2 83. Ra8+ Kxe7 84. Ra2 Rh1 85. Re2+ Kd7 86. Re5 Rh2 87. Kf7 Rf2+ 88. Kg6 1-0


[Site "https://www.chess.com"]

[Event "Titled Tuesday Blitz July 18 Early 2023"]
[White "Zaksaite, Salomeja"]
[Black "Sreyas Payyappat"]
[WhiteFideId "12801496"]
[BlackFideId "46674969"]
[WhiteElo "2308"]
[BlackElo "2522"]
[Result "0-1"]
[Round "7"]
[TimeControl "180+2"]
[Date "2023.07.18"]
[WhiteClock "0:00:00"]
[BlackClock "0:00:48"]
[Board "112"]

1. e4 c6 2. Ne2 d5 3. e5 Bf5 4. Ng3 Bg6 5. h4 h5 6. Be2 e6 7. d4 Be7 8. Nxh5 Bxh5 9. Bxh5 g6 10. Bf3 Bxh4 11. g3 Bf6 12. exf6 Rxh1+ 13. Bxh1 Nxf6 14. Bg5 Nbd7 15. Qf3 Rc8 16. Nd2 c5 17. dxc5 Rxc5 18. O-O-O Ke7 19. Ne4 dxe4 20. Bxf6+ Ke8 21. Qf4 Qxf6 22. Qxe4 Qxf2 23. g4 Ke7 24. c3 f5 25. Qxb7 Qf4+ 26. Kb1 Rc7 27. Qb5 fxg4 28. Qa5 Qf5+ 0-1


[Site "https://www.chess.com"]

[Event "Titled Tuesday Blitz July 18 Early 2023"]
[White "Akhayan, Ruben"]
[Black "Philippe, Guillaume"]
[WhiteFideId "204439"]
[BlackFideId "36048763"]
[WhiteElo "2297"]
[BlackElo "2520"]
[Result "0-1"]
[Round "7"]
[TimeControl "180+2"]
[Date "2023.07.18"]
[WhiteClock "0:00:07"]
[BlackClock "0:00:18"]
[Board "113"]

1. e4 c5 2. Nf3 Nc6 3. g3 g6 4. Bg2 Bg7 5. O-O d6 6. c3 Nf6 7. Re1 O-O 8. d4 cxd4 9. cxd4 Qb6 10. d5 Ne5 11. Nc3 Bg4 12. Rb1 Rac8 13. Be3 Qb4 14. a3 Qa5 15. Bd4 Nfd7 16. Kh1 Nxf3 17. Bxg7 Nxe1 18. Qxg4 Kxg7 19. Rxe1 Nf6 20. Qe2 Qb6 21. h3 a6 22. Kh2 Qd4 23. f4 Qc4 24. Qxc4 Rxc4 25. e5 Nd7 26. exd6 exd6 27. Re7 Rd8 28. h4 Kf8 29. Re1 b5 30. Re2 Nb6 31. Ne4 Re8 32. g4 f5 33. gxf5 gxf5 34. Ng3 Rxe2 35. Nxe2 Ke7 36. Ng3 Kf6 37. Kh3 b4 38. a4 Nxa4 39. b3 Rxf4 40. bxa4 Rd4 41. Ne2 Rd3+ 42. Kh2 a5 0-1


[Site "https://www.chess.com"]

[Event "Titled Tuesday Blitz July 18 Early 2023"]
[White "Santos Flores, Alberto"]
[Black "Peiris, T G M"]
[WhiteFideId "3601234"]
[BlackFideId "9901310"]
[WhiteElo "2519"]
[BlackElo "2285"]
[Result "1-0"]
[Round "7"]
[TimeControl "180+2"]
[Date "2023.07.18"]
[WhiteClock "0:01:40"]
[BlackClock "0:01:15"]
[Board "114"]

1. e4 c5 2. Nf3 d6 3. Bb5+ Bd7 4. Bxd7+ Nxd7 5. c4 g6 6. d4 cxd4 7. Nxd4 Bg7 8. Nc3 Ngf6 9. Be3 O-O 10. f3 Rc8 11. b3 a6 12. Rc1 Ne5 13. Qd2 Nc6 14. O-O Re8 15. Rfd1 Qc7 16. Nd5 Qa5 17. Nxc6 Qxd2 18. Ncxe7+ Kf8 19. Rxd2 Rxe7 20. Nxe7 Kxe7 21. Rcd1 Ne8 22. Bf4 Rc6 23. Bg3 Ke6 24. Kf1 b5 25. Rc2 f5 26. exf5+ gxf5 27. Rdc1 Rb6 28. c5 dxc5 29. Rxc5 Kf7 30. Rxf5+ Kg6 31. Rfc5 Kf7 32. Rc6 Rb7 33. Rxa6 Rd7 34. Rac6 h5 35. a4 bxa4 36. bxa4 Bf6 37. Bf2 Rd2 38. a5 Ra2 39. a6 Ng7 40. a7 Nf5 41. Rc8 1-0


[Site "https://www.chess.com"]

[Event "Titled Tuesday Blitz July 18 Early 2023"]
[White "Levitan, Ronit"]
[Black "Vyatkin, Dmitry"]
[WhiteFideId "2815109"]
[BlackFideId "4171900"]
[WhiteElo "2268"]
[BlackElo "2516"]
[Result "0-1"]
[Round "7"]
[TimeControl "180+2"]
[Date "2023.07.18"]
[WhiteClock "0:00:19"]
[BlackClock "0:00:05"]
[Board "115"]

1. e4 e6 2. d4 d5 3. Nd2 c5 4. exd5 Qxd5 5. Ngf3 cxd4 6. Bc4 Qd6 7. O-O Nf6 8. Nb3 Nc6 9. Nfxd4 Nxd4 10. Nxd4 a6 11. Re1 Bd7 12. c3 Qc7 13. Bf1 Bd6 14. g3 O-O 15. Bg2 Rad8 16. Bg5 Be5 17. Qb3 b5 18. Rad1 h6 19. Be3 Rc8 20. a3 Rfd8 21. Qc2 Be8 22. Qe2 Bd6 23. Bc1 Qc5 24. Nb3 Qc7 25. Be3 Rb8 26. Qf3 Nd5 27. Qh5 Nxe3 28. Rxe3 Bc6 29. Bxc6 Qxc6 30. Red3 Be7 31. Qe2 Qc7 32. Nd4 Bf6 33. Nf3 Rxd3 34. Rxd3 Rd8 35. Rxd8+ Qxd8 36. Kg2 Qd5 37. Qe3 g5 38. g4 Kg7 39. Qb6 h5 40. h3 hxg4 41. hxg4 Qe4 42. Kg3 Qb1 43. Qe3 Qxb2 44. Nxg5 Qxc3 45. Qxc3 Bxc3 46. Ne4 Bb2 47. Nc5 a5 48. Nb3 a4 49. Nc5 Bxa3 50. Ne4 Bb4 51. f4 a3 52. Nf2 a2 53. Nd3 a1=Q 54. Nxb4 Qc3+ 55. Kh4 Qxb4 56. g5 Qxf4+ 57. Kh5 Qf3+ 58. Kh4 Qg2 59. g6 b4 60. gxf7 Kxf7 61. Kh5 Kf6 62. Kh4 Kf5 63. Kh5 Qg5# 0-1


[Site "https://www.chess.com"]

[Event "Titled Tuesday Blitz July 18 Early 2023"]
[White "laimis61"]
[Black "MFatigue"]
[WhiteElo "2258"]
[BlackElo "2515"]
[Result "0-1"]
[Round "7"]
[TimeControl "180+2"]
[Date "2023.07.18"]
[WhiteClock "0:00:00"]
[BlackClock "0:01:36"]
[Board "116"]

1. e4 e6 2. d4 d5 3. Nc3 Nf6 4. e5 Nfd7 5. f4 c5 6. Nf3 Nc6 7. Be3 a6 8. Qd2 b5 9. Be2 Qb6 10. Nd1 g5 11. dxc5 Bxc5 12. Bxc5 Nxc5 13. Nxg5 Bb7 14. Nf3 O-O-O 15. Qe3 d4 16. Qf2 Ne4 17. Qh4 Nb4 18. Bd3 Kb8 19. Nf2 Nc5 20. O-O-O Nxa2+ 21. Kb1 Nb4 22. Nd2 Qa5 23. Nb3 Nxb3 24. cxb3 Rc8 0-1


[Site "https://www.chess.com"]

[Event "Titled Tuesday Blitz July 18 Early 2023"]
[White "ArtemDyachuk"]
[Black "Hernandez Bermudez, Ulises Eduardo"]
[BlackFideId "3902510"]
[WhiteElo "2514"]
[BlackElo "2266"]
[Result "1-0"]
[Round "7"]
[TimeControl "180+2"]
[Date "2023.07.18"]
[WhiteClock "0:00:39"]
[BlackClock "0:00:05"]
[Board "117"]

1. e4 e6 2. d4 d5 3. e5 c5 4. c3 Nc6 5. Nf3 Qb6 6. a3 Nh6 7. b4 cxd4 8. Bxh6 gxh6 9. cxd4 Bd7 10. Be2 Rc8 11. O-O Bg7 12. Nc3 Nxe5 13. Nxe5 Rxc3 14. Rc1 Rxc1 15. Qxc1 Qxd4 16. Nxd7 Kxd7 17. Rd1 Qb6 18. a4 Rc8 19. Qf4 Ke7 20. Bh5 Bf6 21. h3 Rc2 22. Rf1 Rb2 23. Qxh6 Bd4 24. Qxh7 Rxf2 25. Rxf2 Bxf2+ 26. Kf1 Bg3 27. Qxf7+ Kd6 28. Qf8+ Ke5 29. Qg7+ Kf5 30. Qg6+ Kf4 31. Qg4+ Ke5 32. Qxg3+ Kf6 33. Qf4+ Ke7 34. Qf7+ Kd6 35. Be2 Qe3 36. h4 Qc1+ 37. Kf2 Qc3 38. h5 Qd4+ 39. Kg3 Qe5+ 40. Qf4 1-0


[Site "https://www.chess.com"]

[Event "Titled Tuesday Blitz July 18 Early 2023"]
[White "Da Silva Junior, Sediney Mari"]
[Black "Yeritsyan, Hayk"]
[WhiteFideId "2132079"]
[BlackFideId "13307320"]
[WhiteElo "2210"]
[BlackElo "2513"]
[Result "1-0"]
[Round "7"]
[TimeControl "180+2"]
[Date "2023.07.18"]
[WhiteClock "0:00:03"]
[BlackClock "0:00:00"]
[Board "118"]

1. e4 c6 2. d4 d5 3. f3 e6 4. Nc3 Nf6 5. Bg5 Be7 6. Qd3 O-O 7. e5 Nfd7 8. Bxe7 Qxe7 9. h4 a6 10. h5 c5 11. h6 g6 12. dxc5 Nxe5 13. Qd4 Nbc6 14. Qf4 f6 15. O-O-O Qxc5 16. g4 Bd7 17. g5 f5 18. Nge2 Nc4 19. Nd4 Nxd4 20. Bxc4 Nc6 21. Nxd5 b5 22. Bb3 Na5 23. Nf6+ Rxf6 24. gxf6 Rc8 25. Rh2 Nxb3+ 26. axb3 Be8 27. Qd4 Qc7 28. f7+ Qxf7 29. Re2 Rc7 30. Qd8 Re7 31. Red2 e5 32. Qb6 Re6 33. Rd6 Re7 34. Rd8 Qe6 35. R1d6 Qf7 36. Qc6 Kf8 37. Qc5 g5 38. Rd5 g4 39. Rxe5 gxf3 40. Rxf5 1-0


[Site "https://www.chess.com"]

[Event "Titled Tuesday Blitz July 18 Early 2023"]
[White "Vaglio Munoz, Jaime"]
[Black "Krutko, Anatoly"]
[WhiteFideId "6500145"]
[BlackFideId "4185862"]
[WhiteElo "2257"]
[BlackElo "2579"]
[Result "0-1"]
[Round "7"]
[TimeControl "180+2"]
[Date "2023.07.18"]
[WhiteClock "0:00:06"]
[BlackClock "0:01:42"]
[Board "119"]

1. Nf3 Nc6 2. c4 e5 3. d4 exd4 4. Nxd4 Nf6 5. Nc2 Bc5 6. e3 O-O 7. Be2 d6 8. Nc3 a6 9. O-O Ba7 10. b4 Bf5 11. a3 Ne4 12. Nxe4 Bxe4 13. Bb2 Ne5 14. h3 Qg5 15. g3 Qf5 16. Kh2 Bxc2 17. Qd2 Be4 18. f4 Ng6 19. g4 Qd7 20. c5 Rae8 21. Qd4 f6 22. Bc4+ Kh8 23. Kg3 Qc6 24. g5 dxc5 25. Qc3 cxb4 26. axb4 Bf5 27. Rae1 b5 28. gxf6 Rxf6 29. Bb3 Qxc3 30. Bxc3 Rc6 31. Ba1 h5 32. h4 Bxe3 33. Rf3 Bxf4+ 34. Rxf4 Rxe1 35. Rxf5 Re3+ 36. Kf2 Rxb3 37. Rxh5+ Kg8 38. Bd4 Rc2+ 39. Ke1 Rb1# 0-1


[Site "https://www.chess.com"]

[Event "Titled Tuesday Blitz July 18 Early 2023"]
[White "Zacurdajev, Dmitry"]
[Black "Ambartsumova, Karina"]
[WhiteFideId "4196309"]
[BlackFideId "4166299"]
[WhiteElo "2431"]
[BlackElo "2578"]
[Result "1-0"]
[Round "7"]
[TimeControl "180+2"]
[Date "2023.07.18"]
[WhiteClock "0:00:12"]
[BlackClock "0:00:02"]
[Board "120"]

1. d4 d6 2. c4 g6 3. Nc3 Bg7 4. e4 e5 5. d5 a5 6. Be2 Na6 7. Be3 Nc5 8. g4 Nf6 9. f3 O-O 10. h4 h5 11. g5 Nh7 12. Qd2 Bd7 13. Nh3 a4 14. Nf2 Qe7 15. Nd3 b6 16. O-O-O f5 17. gxf6 Rxf6 18. Rdg1 Raf8 19. Rg3 Be8 20. Kb1 Nxd3 21. Qxd3 Rf4 22. Bxf4 exf4 23. Rg2 Nf6 24. Bd1 Nd7 25. Nxa4 Ne5 26. Qc2 Bd7 27. Nc3 Nxc4 28. Rxg6 Ne3 29. Qd2 Qe5 30. Rhg1 Rf7 31. Ba4 Bxa4 32. Nxa4 Nc4 33. Qc3 Qxc3 34. Nxc3 Nd2+ 35. Kc2 Nxf3 36. Rh1 Ne5 37. Rg5 f3 38. Rf5 Ng4 39. Nd1 Rxf5 40. exf5 Bd4 41. Rf1 f2 42. Kd3 Bc5 43. Ke2 Nh2 44. Rxf2 Bxf2 45. Nxf2 Kf7 46. Ne4 Ng4 47. a4 Ne5 48. b4 Nc4 49. Kf3 Ne5+ 50. Ke3 Nc4+ 51. Kd4 Ne5 52. a5 bxa5 53. bxa5 Nd7 54. a6 Nb6 55. a7 Ke7 56. Ke3 Kf7 57. Kf4 Nxd5+ 58. Kg5 Nb6 59. Kxh5 d5 60. Nc3 c6 61. Na4 Na8 62. Nc5 Kf6 63. Kg4 d4 64. h5 Nc7 65. h6 Ke5 66. h7 Ne8 67. h8=Q+ Nf6+ 68. Kg5 d3 69. Qxf6+ 1-0


[Site "https://www.chess.com"]

[Event "Titled Tuesday Blitz July 18 Early 2023"]
[White "Przybylski, Wojciech"]
[Black "Chitlange Sakshi"]
[WhiteFideId "1117599"]
[BlackFideId "35002899"]
[WhiteElo "2577"]
[BlackElo "2427"]
[Result "0-1"]
[Round "7"]
[TimeControl "180+2"]
[Date "2023.07.18"]
[WhiteClock "0:00:00"]
[BlackClock "0:00:08"]
[Board "121"]

1. d4 f5 2. g4 fxg4 3. e4 d6 4. Nc3 Nf6 5. Bg5 e6 6. Bd3 Be7 7. e5 dxe5 8. dxe5 Nd5 9. Bxe7 Qxe7 10. Qxg4 Nxc3 11. bxc3 O-O 12. Ne2 Nc6 13. f4 Bd7 14. Rg1 Rad8 15. Qh5 Rf5 16. Bxf5 exf5 17. Rd1 Rf8 18. Qg5 Qf7 19. h4 Be6 20. Rd3 Re8 21. h5 Bxa2 22. Nd4 Nxd4 23. Rxd4 Be6 24. h6 g6 25. Rd8 c6 26. Rg3 Bd5 27. Rd3 b5 28. c4 bxc4 29. Ra3 Qf8 30. Rxe8 Qxe8 31. Rxa7 Qb8 32. Rg7+ Kh8 33. Rxh7+ Kxh7 34. Qe7+ Kxh6 35. Qh4+ Kg7 36. Qf6+ Kh7 37. e6 Qb1+ 38. Kd2 Qb4+ 39. Ke2 Qd6 40. Qh4+ Kg7 41. e7 Qe6+ 42. Kd2 Kf7 43. Qh7+ Kf6 44. Qh8+ Kxe7 45. Qg7+ Kd6 46. Qf8+ Kd7 47. Qg7+ Kc8 48. Qf8+ Kc7 49. Qg7+ Kb6 50. Qd4+ Kb7 51. Qg7+ Ka6 52. Qa1+ Kb5 53. Qb2+ Kc5 54. Qa3+ Kb6 55. Qb2+ Kc7 56. Qg7+ Qd7 57. Qe5+ Qd6 58. Qg7+ Bf7+ 59. Kc1 Qxf4+ 60. Kb1 Qf1+ 61. Ka2 Kb6 62. Qxf7 Qe2 63. Kb2 Qe5+ 64. Kb1 g5 65. Qg8 g4 66. Kc1 Qe3+ 67. Kb2 Qd4+ 68. Kc1 Qe5 69. Qxc4 g3 70. Qb3+ Kc7 71. Qf7+ Kd6 72. Qf8+ Kd5 73. Qf7+ Ke4 74. Qc4+ Ke3 75. Qb3+ Kf2 76. Qc4 Qe3+ 0-1


[Site "https://www.chess.com"]